 Dungeon Crawl Stone Soup version 0.20.0-10-g0535bb4 (webtiles) character file.

58 Gorglomux the Ducker (level 3, -3/16 HPs)
             Began as a Felid Artificer on June 5, 2017.
             Slain by a worm (10 damage)
             ... on level 2 of the Dungeon.
             The game lasted 00:03:02 (2235 turns).

Gorglomux the Ducker (Felid Artificer)              Turns: 2235, Time: 00:03:02

Health: -3/16      AC:  1    Str:  8    XL:     3   Next: 75%
Magic:  6/6        EV: 19    Int: 12    God:
Gold:   110        SH:  0    Dex: 17    Spells: 2/2 levels left
                                        Lives:  0   Deaths: 0

rFire    . . .     SeeInvis +     - Unarmed
rCold    . . .     Gourm    .   (shield unavailable)
rNeg     . . .     Faith    .   (armour unavailable)
rPois    .         Spirit   .   (helmet unavailable)
rElec    .         Reflect  .   (cloak unavailable)
rCorr    .         Harm     .   (gloves unavailable)
MR       .....                  (boots unavailable)
Stlth    +++.......             (no amulet)
Regen    0.1/turn               (no ring)
MPRegen  0.1/turn               (no ring)

@: quick
A: no armour, no weapons or thrown items, stealth, claws 1, fangs 3, see
invisible, carnivore 3, speed 1, shaggy fur 1, slow metabolism 1, sharp paws
a: no special abilities


You were on level 2 of the Dungeon.
You were completely stuffed.

You visited 1 branch of the dungeon, and saw 2 of its levels.

You collected 110 gold pieces.

Inventory:

Wands
 a - a wand of flame (11/48)
 c - a wand of random effects (15/48)
 E - a wand of enslavement (14/24)
Scrolls
 F - 2 scrolls of teleportation {unknown}
 J - a scroll of amnesia {unknown}
 L - a scroll of remove curse {unknown}
 M - a scroll of magic mapping {unknown}
Potions
 G - 2 potions of mutation {unknown}
 H - a potion of degeneration {unknown}
 K - a potion of flight {unknown}
Comestibles
 z - a meat ration


   Skills:
 + Level 1.9 Fighting
 + Level 3.6 Dodging
 + Level 2.9 Stealth
 + Level 2.0 Unarmed Combat
 - Level 3.2 Evocations


You had 2 spell levels left.
You didn't know any spells.

Dungeon Overview and Level Annotations

Branches:
Dungeon (2/15)

Altars:
Elyvilon
Zin


Innate Abilities, Weirdness & Mutations

You cannot wear armour.
You are incapable of wielding weapons or throwing items.
Your paws allow you to move quietly. (Stealth)
You have sharp claws.
You have razor-sharp teeth.
You have supernaturally acute eyesight. (SInv)
You are carnivorous and can eat meat at any time.
You cover ground quickly.
You are covered in fur. (AC +1)
You have a slow metabolism.
Your sharp claws are effective at attacking unaware monsters.


Message History

The worm is heavily wounded.
You scratch the worm but do no damage.
The worm is heavily wounded.
The worm misses you.
You barely miss the worm.
The worm is heavily wounded.
The worm closely misses you.
You scratch the worm.
The worm is severely wounded.
You barely miss the worm.
The worm is severely wounded.
The worm bites you!
Ouch! That really hurt!
You barely miss the worm. You bite the worm, but do no damage.
The worm is severely wounded.
You barely miss the worm.
The worm is severely wounded.
The worm bites you!
Ouch! That really hurt!
You die...

.#.....P#.# #..############.##
.#.P....#.####.. .............#
.########....#.####.####......#
.. .......##.#.##.....##......#
## #.###.###...#.......#......#
#.###...#.......#......#
#.....#....._.....<..>.#
#..####.#...)...#....>.### #..#
##.#@......#.#.####.. #..#
#..##w....##...# #.# #..#
#..####.####.#.# #.# #..#
#............#.# #.#
#..###....<.......#.# #.#
#....%......####.##.####.#
##......###.# #.##......#
######## #.# #.##.###### #.#
#.#.#.#####


You could see a worm.

Vanquished Creatures
  A gnoll (D:1)
  2 adders (D:2)
  An ooze (D:1)
  4 giant cockroaches
  4 goblins
  2 hobgoblins (D:1)
  A jackal (D:1)
  3 bats
  2 frilled lizards
  3 kobolds
  A rat (D:2)
24 creatures vanquished.

Vanquished Creatures (collateral kills)
  A jackal (D:1)
1 creature vanquished.

Vanquished Creatures (others)
  A jackal (D:1)
  A quokka (D:2)
2 creatures vanquished.

Grand Total: 27 creatures vanquished

Notes
Turn   | Place    | Note
-------+----------+-------------------------------------------
     0 | D:1      | Gorglomux the Felid Artificer began the quest for the Orb.
     0 | D:1      | Reached XP level 1. HP: 9/9 MP: 4/4
   245 | D:1      | Reached skill level 3 in Dodging
   422 | D:1      | Reached XP level 2. HP: 12/12 MP: 5/5
  1000 | D:1      | Reached XP level 3. HP: 12/15 MP: 6/6
  1327 | D:2      | Found a white marble altar of Elyvilon.
  1465 | D:2      | Found a glowing silver altar of Zin.
  2235 | D:2      | Slain by a worm

Skill      XL: |  1  2  3 |
---------------+----------+-----
Dodging        | 3 |  3.6
Stealth        | 2 |  2.9
Unarmed Combat | 2 |  2.0
Fighting       | |  1.9
Evocations     | |  3.2

Action                   || total
-------------------------++-------
Melee: Unarmed           ||    94
       Bite              ||     6
       Punch             ||     2
Evoke: Wand              ||     5
 Stab: Sleeping          ||     8
       Distracted        ||     1
  Eat: Chunk             ||    10
Armor: Skin              ||     7
Dodge: Dodged            ||    58
